AoeStats
← BSHammer

Arena

508126480Analyzed
4v4 RM · 12d ago on Sep 21, 2026· 43m 2s· 8 players
Game mode
Random Map
Map size
Large (8 player)
Population
200
Speed
Normal
Resources
Standard
Victory
Conquest
Starting age
Dark Age
Ending age
Imperial Age
RankedLock teamsTeams togetherTeam positionsShared explorationLock speedFull tech treeHidden civsTurbo modeCheats
Victory
Defeat
🇲🇽 Tupi · Mexico
1619
+16
🇵🇪 Byzantines · Peru
1575
+18
🇲🇽 Sicilians · Mexico
1518
+20
🇦🇷 Armenians · Argentina
1485
+21
🇺🇸 Vietnamese · United States
1650
-20
🇺🇸 Portuguese · United States
1633
-20
🇺🇸 Khitans · United States
1585
-18
🇺🇸 Jurchens · United States
1556
-17
hK | Agt. Smith
9:57 Feudal Age
11:20 Loom
14:05 Castle Age
12:43 Double-Bit Axe
15:56 Fletching
18:57 Bodkin Arrow
24:35 Ballistics
30:16 Imperial Age
28:18 Padded Archer Armor
31:22 Bracer
36:08 Chemistry
39:39 Wheelbarrow
41:25 Leather Archer Armor
40:34 Elite Blackwood Archer
42:03 Town Watch
eloysuarez93
10:08 Feudal Age
15:01 Castle Age
13:28 Double-Bit Axe
13:46 Horse Collar
16:07 Bow Saw
15:57 Heavy Plow
21:32 Wheelbarrow
21:58 Gold Mining
23:39 Gold Shaft Mining
23:00 Stone Mining
24:51 Hand Cart
25:26 Stone Shaft Mining
25:01 Loom
26:20 Scale Barding Armor
26:27 Forging
28:55 Imperial Age
26:17 Town Watch
27:45 Chain Barding Armor
29:07 Iron Casting
29:08 Bloodlines
28:59 Husbandry
29:11 Cavalier
30:36 Conscription
32:10 Crop Rotation
32:05 Hauberk
33:22 Plate Barding Armor
33:48 Blast Furnace
34:49 Coinage
35:30 Pikeman
36:10 Squires
35:56 Arson
37:12 Banking
36:43 Caravan
38:13 Chemistry
37:24 Masonry
37:24 Siege Engineers
39:44 Halberdier
40:10 Gambesons
40:30 Scale Mail Armor
40:20 Fletching
41:07 Murder Holes
41:32 Ballistics
42:32 Bodkin Arrow
43:14 Hoardings
43:05 Chain Mail Armor
Dino_Mate
6:27 Loom
8:57 Feudal Age
9:35 Double-Bit Axe
10:44 Fletching
20:25 Castle Age
20:20 Stone Mining
20:20 Gold Mining
22:01 Bow Saw
22:33 Wheelbarrow
23:16 Horse Collar
31:54 Imperial Age
30:05 Bodkin Arrow
32:02 Ballistics
32:39 Bracer
33:54 Chemistry
34:50 Pikeman
35:30 Squires
35:39 Scale Mail Armor
35:49 Forging
35:27 Halberdier
36:37 Chain Mail Armor
40:52 Man-at-Arms
CopoDeNieve
11:01 Feudal Age
15:00 Castle Age
13:08 Double-Bit Axe
13:34 Horse Collar
21:39 Loom
22:14 Bow Saw
22:19 Heavy Plow
24:09 Wheelbarrow
25:49 Hand Cart
29:05 Imperial Age
27:18 Stone Mining
27:19 Gold Mining
28:45 Fletching
28:56 Padded Archer Armor
28:31 Crossbowman
29:51 Arbalester
31:44 Conscription
31:22 Bodkin Arrow
32:30 Bracer
33:13 Thumb Ring
33:24 Leather Archer Armor
33:16 Scale Barding Armor
33:21 Forging
34:15 Gold Shaft Mining
34:15 Stone Shaft Mining
34:15 Gold Shaft Mining
34:16 Stone Shaft Mining
34:09 Ballistics
35:01 Chemistry
34:16 Pikeman
34:44 Treadmill Crane
35:06 Scale Mail Armor
36:06 Crop Rotation
35:06 Halberdier
35:55 Squires
36:45 Chain Mail Armor
38:32 Plate Mail Armor
38:39 Iron Casting
38:35 Ring Archer Armor
39:35 Chain Barding Armor
39:09 Arson
40:54 Stone Shaft Mining
40:06 Man-at-Arms
40:32 Gambesons
40:14 Elite Skirmisher
42:29 Two-Man Saw
42:11 Plate Barding Armor
42:20 Guard Tower
Lucas Ducas
10:33 Feudal Age
10:05 Loom
11:06 Double-Bit Axe
11:03 Horse Collar
12:08 Wheelbarrow
17:52 Castle Age
16:32 Horse Collar
17:25 Town Watch
24:38 Bow Saw
26:33 Gold Mining
27:25 Sanctity
28:56 Redemption
31:21 Hand Cart
34:47 Imperial Age
33:28 Atonement
34:22 Fervor
34:06 Stone Mining
35:58 Block Printing
36:24 Theocracy
36:37 Heavy Plow
36:51 Guilds
37:50 Two-Man Saw
38:02 Chemistry
39:10 Treadmill Crane
40:09 Conscription
40:12 Padded Archer Armor
41:43 Arquebus
42:43 Masonry
43:18 Leather Archer Armor
42:39 Elite Skirmisher
BSHammer
10:42 Feudal Age
14:11 Castle Age
13:37 Domestication
13:44 Double-Bit Axe
16:42 Loom
24:36 Wheelbarrow
29:55 Imperial Age
29:07 Forging
28:57 Scale Mail Armor
29:24 Hand Cart
29:58 Pikeman
31:27 Squires
31:50 Bow Saw
33:44 Iron Casting
33:49 Chain Mail Armor
35:50 Plate Mail Armor
35:16 Elite Fire Lancer
36:19 Conscription
36:41 Pastoralism
37:40 Lamellar Armor
koriko9397
10:57 Feudal Age
14:39 Castle Age
12:38 Double-Bit Axe
15:16 Horse Collar
15:49 Bow Saw
23:13 Loom
24:41 Wheelbarrow
27:02 Hand Cart
27:23 Town Watch
31:26 Imperial Age
29:18 Bloodlines
29:09 Husbandry
30:23 Gold Mining
31:19 Forging
31:15 Scale Barding Armor
31:29 Chatras
31:45 Heavy Plow
31:37 Stone Mining
33:21 Iron Casting
33:06 Chain Barding Armor
32:40 Elite Battle Elephant
36:08 Plate Barding Armor
42:58 Ballistics
Harristotle
9:17 Loom
11:07 Feudal Age
15:07 Castle Age
13:01 Double-Bit Axe
13:20 Horse Collar
13:53 Gold Mining
16:43 Wheelbarrow
18:35 Loom
22:38 Padded Archer Armor
23:18 Fletching
25:51 Heavy Plow
31:26 Imperial Age
29:35 Hand Cart
30:55 Siege Engineers
31:12 Leather Archer Armor
31:11 Fortified Bastions
32:12 Masonry
31:43 Treadmill Crane
33:01 Ring Archer Armor
33:24 Conscription
34:19 Town Watch
35:52 Pikeman
38:02 Squires
Connection lost

Rejoining the realm…

Still unreachable

The connection could not be restored.

Session expired

The server has moved on; the page needs a fresh start.